 Dungeon Crawl Stone Soup version 0.27-a0-417-g317cea8a3c (webtiles) character file.

Game seed: 12457694621854499883

9615 omnomnOMINOUS the Nimble (level 11, -6/68 HPs)
             Began as a Deep Elf Conjurer on Feb 19, 2021.
             Was a High Priest of the Shining One.
             Mangled by a wight
             ... wielding a +0 falchion of electrocution
              (7 damage)
             ... on level 11 of the Dungeon on Feb 25, 2021.
             The game lasted 00:49:02 (13074 turns).

omnomnOMINOUS the Nimble (Deep Elf Conjurer)       Turns: 13074, Time: 00:49:02

Health: -6/68      AC:  8    Str:  4    XL:     11   Next: 25%
Magic:  21/36      EV: 16    Int: 33    God:    the Shining One [*****.]
Gold:   664        SH:  6    Dex: 13    Spells: 20/30 levels left

rFire    . . .     SeeInvis .   b - +2 falchion
rCold    . . .     Faith    .   U - +2 buckler of Wu Jian's Esteem {MP+9 Int+6}
rNeg     + + .     Spirit   .   V - +0 troll leather armour
rPois    .         Reflect  .   (no helmet)
rElec    .         Harm     .   W - +0 cloak
rCorr    +         Rampage  .   (no gloves)
Will     +....                  D - +2 pair of boots
Stlth    +.........             H - amulet of regeneration
HPRegen  2.21/turn              (no ring)
MPRegen  0.25/turn              O - ring of resist corrosion

@: about to teleport, glowing
A: no striking features
a: Renounce Religion, Divine Shield, Cleansing Flame, Summon Divine Warrior


You were on level 11 of the Dungeon.
You worshipped the Shining One.
The Shining One was extremely pleased with you.
You visited 2 branches of the dungeon, and saw 12 of its levels.
You also visited: Sewer.

You collected 664 gold pieces.

Inventory:

Hand Weapons
 a - a +5 short sword of holy wrath
 b - a +2 falchion (weapon)
 I - a +0 spear
 J - a +0 quarterstaff
 K - a +1 dagger of venom
 Q - a +0 dagger of speed
Missiles
 i - a curare-tipped dart
 p - 93 poisoned darts
 w - 199 arrows
 L - 7 atropa-tipped darts
Armour
 D - a +2 pair of boots (worn)
 U - the +2 buckler of Wu Jian's Esteem (worn) {MP+9 Int+6}
   (You found it on level 10 of the Dungeon)

   It affects your intelligence (+6).
   It affects your magic capacity (+9).
 V - a +0 troll leather armour (worn)
 W - a +0 cloak (worn)
Jewellery
 m - a ring of flight
 y - an amulet of reflection
 C - a ring of fire
 H - an amulet of regeneration (around neck)
 O - a ring of resist corrosion (right hand)
Wands
 c - a wand of iceblast (11)
 B - a wand of random effects (7)
 E - a wand of polymorph (4)
 M - a wand of flame (41)
 R - a wand of mindburst (26)
 T - a wand of digging (4)
 X - a wand of charming (6)
Scrolls
 e - a scroll of identify
 f - a scroll of summoning {unknown}
 j - 3 scrolls of teleportation
 k - 2 scrolls of amnesia
 l - a scroll of fear
 n - a scroll of holy word {unknown}
 s - 2 scrolls of enchant weapon {unknown}
 t - a scroll of fog {unknown}
 u - 3 scrolls of noise
 z - a scroll of enchant armour {unknown}
 F - a scroll of blinking {unknown}
 G - 2 scrolls of acquirement {unknown}
 N - 2 scrolls of magic mapping {unknown}
Potions
 d - a potion of heal wounds
 g - 3 potions of haste
 h - 10 potions of curing
 o - a potion of resistance {unknown}
 q - 2 potions of cancellation
 r - 3 potions of mutation {unknown}
 v - 3 potions of brilliance
 x - 3 potions of attraction
 A - 9 potions of flight
 P - a potion of berserk rage {unknown}
 S - a potion of ambrosia {unknown}
 Y - a potion of magic {unknown}


   Skills:
 + Level 7.8 Fighting
 + Level 11.3 Dodging
 - Level 2.4 Stealth
 * Level 2.6 Shields
 - Level 10.0 Spellcasting
 - Level 8.0 Conjurations
 + Level 6.7 Invocations


You had 20 spell levels left.
You knew the following spells:

 Your Spells              Type           Power        Failure   Level
a - Magic Dart            Conj           100%         1%          1
b - Searing Ray           Conj           100%         1%          2
c - Dazzling Flash        Conj/Hex       84%          3%          3
d - Fulminant Prism       Conj/Hex       21%          12%         4

Your spell library contained the following spells:

 Spells                   Type           Power        Failure   Level
 Beastly Appendage        Tmut           32%          6%          1
 Wereblood                Tmut           16%          9%          2
 Iskenderun's Mystic Bla  Conj/Tloc      42%          12%         4
 Spider Form              Tmut/Pois      8%           19%         3
 Ice Form                 Ice/Tmut       16%          52%         4
 Blade Hands              Tmut           8%           86%         5


Dungeon Overview and Level Annotations

Branches:
Dungeon (11/15)            Temple (1/1) D:5            Lair (0/6) D:11
    Orc (0/2) D:11          Sewer (visited)

Altars:
Ashenzari
Cheibriados
Dithmenos
Elyvilon
Fedhas
Gozag
Hepliaklqana
Kikubaaqudgha
Makhleb
Nemelex Xobeh
Okawaru
Qazlal
Ru
Sif Muna
Trog
Uskayaw
Vehumet
Wu Jian
Xom
Yredelemnul
Zin
The Shining One

Shops:
D:4 [

Annotations:
D:6 1 runed translucent door, lunkers's ghost, novice FoEE
D:7 4 runed translucent doors


Message History

You hit the boulder beetle.
The boulder beetle is moderately wounded.
The searing ray hits the boulder beetle but does no damage.
The boulder beetle is moderately wounded.
The boulder beetle is no longer blind.
The wight hits you but does no damage. The boulder beetle bites you.
The searing ray hits the boulder beetle.
The boulder beetle is moderately wounded.
You finish channeling your searing ray.
The wight barely misses you.
You riposte.
You hit the wight.
The wight is lightly damaged.
The boulder beetle closely misses you.
Unknown command.
Aiming: Charm
Press: ? - help, Shift-Dir - straight line, f/p - boulder beetle
Aim: a boulder beetle (moderately wounded, haloed, chance to affect: 28%)
The boulder beetle easily resists.
The wight completely misses you.
You riposte.
You hit the wight but do no damage.
The wight is lightly damaged.
The boulder beetle closely misses you.
You riposte.
You hit the boulder beetle but do no damage.
The boulder beetle is moderately wounded.
Aiming: Charm
Press: ? - help, Shift-Dir - straight line, f/p - boulder beetle
Aim: a boulder beetle (moderately wounded, haloed, chance to affect: 28%)
The boulder beetle easily resists.
The wight hits you but does no damage. You block the wight's attack.
The boulder beetle bites you!!
Aiming: Charm
Press: ? - help, Shift-Dir - straight line, f/p - boulder beetle
Aim: a boulder beetle (moderately wounded, haloed, chance to affect: 28%)
The boulder beetle easily resists.
The wight hits you with a +0 short sword.
The wight completely misses you. The boulder beetle bites you!!
* * * LOW HITPOINT WARNING * * *
As you read the scroll of teleportation, it crumbles to dust.
You feel strangely unstable. The wight barely misses you.
The boulder beetle bites you!
* * * LOW HITPOINT WARNING * * *
The wight hits you with a +0 falchion of electrocution!
You die...

≈..≈.###......../...... .......#
.....##.....<..........##.....#
.....###...............##.....###
...#####................>...#...#
....###.....................##...
.....##..........................
.....##.......z....##..........##
#.......#......zzB###............
##.##.####......@..###...........
......## #..........#######.....#
...##..###...........#.###.....##
...##....#...............†.......
...##......##.....#..............
..###............####............
..###......#.....####............
....<.....###.)....#.............
...#..........))...##...........>


You could see a boulder beetle and 3 wights.

Vanquished Creatures
  A two-headed ogre (D:11)
  An unseen horror (D:10)
  2 cyclopes
  Maurice (D:10)
  4 trolls
  Grinder (Sewer)
  Prince Ribbit (D:8)
  Grum (D:9)
  A water moccasin (D:7)
  A sky beast (D:9)
  An ice beast (D:5)
  3 orc warriors
  3 black bears
  An eye of draining (D:8)
  5 ogres
  A necrophage (Sewer)
  6 centaurs
  7 wolves
  6 bullfrogs
  3 phantoms
  4 kobold brigands
  A gnoll sergeant (D:4)
  A water moccasin zombie (D:5)
  11 killer bees
  10 wights
  6 electric eels
  3 howler monkeys
  7 hounds
  A quasit (D:9)
  2 jellies
  A centaur zombie (D:10)
  6 orc priests
  A bullfrog skeleton (D:11)
  5 iguanas
  11 orc wizards
  2 worker ants
  A hound zombie (D:8)
  3 hound skeletons
  3 gnolls (D:4)
  9 adders
  A river rat (D:5)
  2 shadow imps (Sewer)
  2 white imps
  10 ufetubi
  An ooze (Sewer)
  3 adder skeletons (D:4)
  3 worms
  2 dart slugs
  4 leopard geckos
  25 orcs
  2 ball pythons
  8 bats
  7 giant cockroaches
  11 goblins
  2 hobgoblins (D:1)
  5 jackals
  29 kobolds
  6 quokkas
  4 frilled lizards
  A jackal skeleton (D:4)
  A kobold zombie (Sewer)
  A quokka skeleton (D:4)
  A quokka zombie (D:5)
  7 rats
276 creatures vanquished.

Vanquished Creatures (others)
  A fulminant prism (D:11)
1 creature vanquished.

Grand Total: 277 creatures vanquished

Notes
Turn   | Place    | Note
-------+----------+-------------------------------------------
     0 | D:1      | omnomnOMINOUS the Deep Elf Conjurer began the quest for the
                  | Orb.
     0 | D:1      | Reached XP level 1. HP: 10/10 MP: 6/6
     2 | D:1      | Noticed a vine stalker
     2 | D:1      | Noticed a demigod
     4 | D:1      | Noticed a minotaur
     4 | D:1      | Noticed a merfolk
     6 | D:1      | Noticed a demonspawn
     8 | D:1      | Noticed a ghoul
    10 | D:1      | Noticed an ogre
    12 | D:1      | Noticed a formicid
    12 | D:1      | Noticed a gargoyle
    14 | D:1      | Noticed a tengu
    17 | D:1      | Noticed an octopode
    17 | D:1      | Noticed a felid
    19 | D:1      | Noticed a troll
    19 | D:1      | Noticed a dwarf
    21 | D:1      | Noticed a vampire
    21 | D:1      | Noticed a centaur
    23 | D:1      | Noticed a halfling
    23 | D:1      | Noticed a naga
    25 | D:1      | Noticed an elf
    25 | D:1      | Noticed a spriggan
    27 | D:1      | Noticed a draconian
    27 | D:1      | Noticed a human
   475 | D:1      | Reached XP level 2. HP: 12/15 MP: 2/9
   764 | D:1      | Found a shimmering altar of Xom.
  1195 | D:2      | Reached skill level 5 in Spellcasting
  1195 | D:2      | Reached XP level 3. HP: 19/19 MP: 5/11
  1198 | D:2      | Learned a level 2 spell: Searing Ray
  1356 | D:2      | Found a glowing golden altar of the Shining One.
  1365 | D:2      | Became a worshipper of the Shining One
  2288 | D:3      | Found an iron altar of Okawaru.
  2797 | D:3      | Reached XP level 4. HP: 15/24 MP: 11/13
  2907 | D:3      | Found a sacrificial altar of Ru.
  3144 | D:4      | Noticed an ogre
  3237 | D:4      | Noticed a gnoll sergeant
  3379 | D:4      | Noticed a phantom
  3400 | D:4      | Killed a phantom
  3401 | D:4      | Reached XP level 5. HP: 28/28 MP: 6/17
  3706 | D:4      | Found Eshrefyli's Armour Boutique.
  3798 | D:4      | Reached * piety under the Shining One
  4146 | D:4      | Reached skill level 1 in Fighting
  4146 | D:4      | Reached skill level 3 in Dodging
  4146 | D:4      | Reached XP level 6. HP: 34/34 MP: 13/19
  4266 | D:4      | Found a burning altar of Makhleb.
  4266 | D:4      | Found a hazy altar of Hepliaklqana.
  4267 | D:4      | Found a shimmering blue altar of Sif Muna.
  4271 | D:4      | Found an ornate altar of the Wu Jian Council.
  4272 | D:4      | Found a shadowy altar of Dithmenos.
  4642 | D:5      | Entered Level 5 of the Dungeon
  4651 | D:5      | Reached skill level 4 in Dodging
  5044 | D:5      | Found a glowing drain.
  5059 | Sewer    | Entered a sewer
  5235 | Sewer    | Reached XP level 7. HP: 40/40 MP: 17/20
  5270 | Sewer    | Reached ** piety under the Shining One
  5352 | Sewer    | Found an ancient bone altar of Kikubaaqudgha.
  5355 | Sewer    | Noticed Grinder
  5365 | Sewer    | Paralysed by Grinder for 6 turns
  5374 | Sewer    | Reached skill level 5 in Dodging
  5374 | Sewer    | Paralysed by Grinder for 4 turns
  5381 | Sewer    | Paralysed by Grinder for 6 turns
  5393 | Sewer    | Killed Grinder
  5394 | Sewer    | Reached skill level 5 in Conjurations
  5821 | D:5      | Reached skill level 6 in Dodging
  5821 | D:5      | Reached XP level 8. HP: 47/47 MP: 16/22
  5873 | D:5      | Found a staircase to the Ecumenical Temple.
  5902 | Temple   | Entered the Ecumenical Temple
  7121 | D:6      | Reached skill level 7 in Dodging
  7356 | D:6      | Found a shimmering altar of Xom.
  7356 | D:6      | Noticed lunkers's ghost (novice FoEE)
  7356 | D:6      | Noticed a +0 hand axe of chaos
  7357 | D:6      | Found a runed translucent door.
  7372 | D:6      | Reached *** piety under the Shining One
  7598 | D:6      | Reached skill level 5 in Fighting
  7792 | D:7      | Found an ancient bone altar of Kikubaaqudgha.
  7796 | D:7      | Found a blossoming altar of Fedhas.
  7832 | D:7      | Reached XP level 9. HP: 54/54 MP: 19/23
  7916 | D:7      | Found a huge runed translucent gate.
  7916 | D:7      | Noticed a polar bear
  7916 | D:7      | Noticed a death yak
  7917 | D:7      | Found a huge runed translucent gate.
  7917 | D:7      | Found a huge runed translucent gate.
  7917 | D:7      | Found a huge runed translucent gate.
  7917 | D:7      | Noticed a polar bear
  7917 | D:7      | Noticed a polar bear
  7918 | D:7      | Noticed a polar bear
  7918 | D:7      | Noticed a polar bear
  7940 | D:7      | Reached skill level 8 in Dodging
  9229 | D:8      | Reached **** piety under the Shining One
  9231 | D:8      | Noticed Prince Ribbit
  9375 | D:8      | Reached skill level 1 in Invocations
  9521 | D:8      | Reached skill level 9 in Dodging
  9631 | D:8      | Killed Prince Ribbit
 10149 | D:9      | Noticed Grum
 10157 | D:9      | Killed Grum
 10158 | D:9      | Reached XP level 10. HP: 51/60 MP: 15/25
 10338 | D:9      | Noticed a cyclops
 10343 | D:9      | Killed a cyclops
 10785 | D:9      | Reached skill level 10 in Dodging
 10837 | D:9      | Upgraded the game from 0.27-a0-385-g3208abaabc to
                  | 0.27-a0-417-g317cea8a3c
 11183 | D:9      | Identified a fine ring mail
 11439 | D:9      | Reached skill level 10 in Spellcasting
 11584 | D:10     | Entered Level 10 of the Dungeon
 11627 | D:10     | Reached skill level 5 in Invocations
 11680 | D:10     | Noticed an unseen horror
 11687 | D:10     | Killed an unseen horror
 12012 | D:10     | Identified a fading buckler
 12124 | D:10     | Noticed Maurice
 12153 | D:10     | Killed Maurice
 12361 | D:11     | Noticed a boulder beetle
 12364 | D:11     | Reached ***** piety under the Shining One
 12365 | D:11     | Noticed a cyclops
 12377 | D:11     | Found a staircase to the Lair.
 12377 | D:11     | Noticed a two-headed ogre
 12402 | D:11     | Reached skill level 1 in Shields
 12407 | D:11     | Killed a two-headed ogre
 12410 | D:11     | Reached XP level 11. HP: 29/67 MP: 19/27
 12425 | D:11     | Reached skill level 11 in Dodging
 12914 | D:11     | Learned a level 3 spell: Dazzling Flash
 12919 | D:11     | Learned a level 4 spell: Fulminant Prism
 12984 | D:11     | Found a staircase to the Orcish Mines.
 13074 | D:11     | HP: 1/68 [boulder beetle (16)]
 13074 | D:11     | Mangled by a wight

Illustrated notes

Levels and vault maps discovered:
D:1:      kb_arrival_jail, layout_loops_ring, xom_teletrap_fun
D:2:      layout_loops_corners, nicolae_tso_carved_into_rock,
          guppyfry_early_lair_pool
D:3:      layout_loops_ring, lemuel_coloured_pillars_altar,
          kennysheep_okawaru_gauntlet, hangedman_abyss_or_decor_lesser_grid
D:4:      layout_basic, minitemple, serial_shops, nicolae_shop_waterfront
D:5:      layout_cave_pods, minmay_temple_entry_waves, portal_sewer_entry_a
D:6:      layout_cave_pools, ebering_ghost_xom
D:7:      lemuel_bear_cage, layout_basic, grunt_temple_overflow_growth_and_decay
D:8:      layout_basic, dk_noncrumbling_3, uniq_prince_ribbit1
D:9:      layout_basic, kennysheep_cross_room, uniq_grum
D:10:     layout_long_grid, kennysheep_donut, item_on_display_a, uniq_maurice
D:11:     layout_cave_pools, erik_lair_island, basic_altar
Temple:   minmay_temple_bridge_abc

Skill      XL: |  1  2  3  4  5  6  7  8  9 10 11 |
---------------+----------------------------------+-----
Spellcasting   | 4 5 7 8 9 10 | 10.0
Fighting       | 1 2 3 5 6 7 |  7.8
Dodging        | 3 4 6 7 9 10 11 | 11.3
Conjurations   | 5 7 8 |  8.0
Invocations    | 3 6 |  6.7
Shields        | 1 2 |  2.6
Stealth        | |  2.4

Action                   |  1- 3 |  4- 6 |  7- 9 | 10-12 || total
-------------------------+-------+-------+-------+-------++-------
Melee: Short sword       |    26 |       |       |       ||    26
       Spear             |     5 |       |       |       ||     5
       Long sword        |       |     2 |    24 |     2 ||    28
       Falchion          |       |       |       |    10 ||    10
       Dagger            |       |       |       |    15 ||    15
Throw: Dart              |       |       |     1 |       ||     1
 Cast: Magic Dart        |    65 |    16 |    31 |    52 ||   164
       Searing Ray       |       |    33 |    83 |    80 ||   196
       Fulminant Prism   |       |       |       |     1 ||     1
       Dazzling Flash    |       |       |       |     1 ||     1
Invok: Cleansing Flame   |       |       |       |     1 ||     1
Evoke: Wand              |       |       |       |     3 ||     3
  Use: Scroll            |       |     9 |     3 |     6 ||    18
       Potion            |       |       |     1 |     5 ||     6
 Stab: Sleeping          |     1 |       |       |       ||     1
Armor: Robe              |    10 |     3 |    14 |    17 ||    44
       Skin              |       |       |     5 |       ||     5
       Troll leather arm |       |       |       |     5 ||     5
Dodge: Dodged            |    32 |    11 |    70 |   126 ||   239
Block: Other             |       |    10 |    10 |       ||    20
       Reflection        |       |     2 |     1 |       ||     3
       Buckler           |       |       |       |    26 ||    26
       Rpst.: Long sword |       |     1 |    19 |     3 ||    23
       Falchion          |       |       |       |    21 ||    21

Table legend: (Time is in decaauts)
 A = Elapsed time spent in this place.
 B = Non-inter-level travel time spent in this place.
 C = Inter-level travel time spent in this place.
 D = Time resting spent in this place.
 E = Time spent auto-exploring this place.
 F = Levels seen in this place.
 G = Mean time per level.
                   A        B        C        D        E       F      G
               +--------+--------+--------+--------+--------+-----+--------+
         Total |  13104 |  12571 |    533 |   1839 |   8520 |  13 | 1008.0 |
       Dungeon |  12176 |  11665 |    511 |   1576 |   8054 |  11 | 1106.9 |
        Temple |    207 |    185 |     22 |      0 |    184 |   1 |  207.0 |
         Sewer |    720 |    720 |      0 |    263 |    282 |   1 |  720.0 |
               +--------+--------+--------+--------+--------+-----+--------+

Top non-repeatable levels by time:
     D:4: 1619 daAuts
     D:9: 1440 daAuts
     D:5: 1438 daAuts
     D:7: 1313 daAuts
     D:2: 1199 daAuts
     D:8: 1046 daAuts
     D:1: 949 daAuts
     D:3: 920 daAuts
    D:10: 797 daAuts
     D:6: 746 daAuts
   Sewer: 720 daAuts
    D:11: 704 daAuts
  Temple: 207 daAuts
